Map: [EWC] Oceanborn

Players

GuMiho - Winner!

  • Race: Terran Terran
  • Spawn Location: 5:00

Astrea

  • Race: Protoss Protoss
  • Spawn Location: 11:00

Event: Esports World Cup 2024

VOD

Have the link to the VOD?

Description

Time

  • Played on: Aug. 14, 2024, 8:45 a.m.
  • Length: 5:59

All games in this series

Show
View Real Time Build Order
Export as new Build Order

GuMiho Terran - Winner!

Build Orders: Cyclone Opening 

Get SALT Encoding   

  12  0:00  SCV  
  13  0:12  SCV  
  14  0:16  Supply Depot  
  14  0:24  SCV  
  15  0:38  SCV  
  15  0:40  Barracks  
  16  0:43  Refinery  
  16  0:50  SCV  
  17  1:02  SCV  
  18  1:14  SCV  
  19  1:26  Orbital Command  
  19  1:27  Marine  
  20  1:38  Command Center  
  20  1:48  Factory  
  20  1:53  SCV  
  21  1:57  Refinery  
  21  2:03  Barracks Reactor  
  21  2:05  SCV  
  22  2:10  Supply Depot  
  22  2:17  SCV  
  23  2:31  SCV  
  23  2:33  Starport  
  24  2:39  Cyclone  
  24  2:40  Marine  
  24  2:41  Marine  
  24  2:44  SCV  
  29  2:51  Orbital Command  
  29  2:56  SCV  
  30  2:59  Marine x2  
  32  3:10  Medivac  
  32  3:11  Factory Tech Lab  
  34  3:15  SCV  
  34  3:17  SCV  
  34  3:19  Marine x2  
  38  3:22  Supply Depot  
  38  3:30  Siege Tank  
  38  3:32  SCV  
  38  3:33  SCV  
  43  3:37  Marine  
  43  3:38  Marine  
  43  3:40  Supply Depot  
  45  3:48  Viking  
  47  3:50  SCV x2  
  47  3:55  Marine x2  
  49  4:02  Supply Depot  
  51  4:07  Siege Tank  
  51  4:08  SCV x2  
  56  4:13  Marine x2  
  58  4:18  Viking  
  58  4:20  SCV x2  
  62  4:31  Marine x2  
  62  4:32  SCV x2  
  66  4:49  Siege Tank  
  66  4:50  Marine  
  70  4:54  Supply Depot  
  70  4:56  SCV  
  70  4:57  Marine, Barracks  
  70  4:58  SCV  
  66  5:08  Marine  
  65  5:15  Marine  
  61  5:25  Marine  
  62  5:33  Marine  
  61  5:45  SCV x2  
  61  5:47  Barracks Tech Lab  
  61  5:48  Supply Depot, Command Center  
  64  5:50  Supply Depot  
Show
View Real Time Build Order
Export as new Build Order

Astrea Protoss 

Build Orders: 1 Gate Expand, Blink Stalkers 

Get SALT Encoding   

  12  0:00  Probe  
  13  0:12  Probe  
  14  0:16  Pylon  
  14  0:24  Probe (Chrono Boost)  
  16  0:36  Gateway, Probe (Chrono Boost)  
  16  0:43  Probe (Chrono Boost)  
  16  0:44  Assimilator  
  17  0:51  Probe  
  18  1:03  Probe  
  19  1:18  Nexus  
  19  1:25  Cybernetics Core  
  19  1:28  Probe (Chrono Boost)  
  20  1:33  Assimilator  
  21  1:40  Probe (Chrono Boost)  
  21  1:42  Pylon  
  21  1:45  Probe (Chrono Boost)  
  22  1:54  Probe  
  22  2:00  Adept (Chrono Boost)  
  25  2:01  Warp Gate  
  25  2:06  Probe  
  26  2:14  Twilight Council  
  26  2:18  Probe  
  26  2:21  Stalker  
  29  2:30  Probe x2  
  31  2:42  Probe  
  31  2:43  Probe  
  33  2:51  Blink  
  33  2:54  Probe (Chrono Boost)  
  33  2:56  Gateway  
  33  2:57  Probe (Chrono Boost)  
  36  3:06  Probe (Chrono Boost)  
  36  3:10  Robotics Facility  
  36  3:11  Probe (Chrono Boost)  
  37  3:15  Probe (Chrono Boost)  
  37  3:19  Stalker, Probe (Chrono Boost)  
  41  3:25  Probe x2 (Chrono Boost)  
  43  3:31  Pylon  
  43  3:33  Probe x2  
  45  3:37  Shield Battery  
  45  3:38  Assimilator  
  45  3:41  Assimilator  
  45  3:45  Probe (Chrono Boost)  
  46  3:53  Stalker  
  46  3:54  Pylon, Probe (Chrono Boost)  
  50  3:56  Observer  
  50  3:57  Probe (Chrono Boost)  
  50  4:02  Probe (Chrono Boost)  
  52  4:03  Probe (Chrono Boost)  
  52  4:05  Pylon  
  53  4:12  Stalker, Probe  
  53  4:13  Robotics Bay  
  53  4:14  Probe  
  57  4:19  Pylon  
  57  4:21  Stalker  
  59  4:25  Probe  
  59  4:30  Probe  
  61  4:38  Stalker, Immortal (Chrono Boost)  
  61  4:41  Pylon  
  66  4:49  Shield Battery, Stalker  
  68  5:06  Stalker  
  66  5:12  Probe  
  63  5:16  Probe  
  63  5:19  Stalker  
  64  5:24  Probe  
  62  5:29  Stalker  
  62  5:33  Gateway x2  
  60  5:46  Gateway  
  56  5:51  Pylon  
Tags
 
Add a new tag
Caveats
  • Supply blocks, unpowered buildings, or Contaminate may cause inaccurate times.
  • Supply counts are checked every 10 seconds.